 Dungeon Crawl Stone Soup version 0.15-a0-674-g7948ca6 (webtiles) character file.

151 PolkaDot the Covert (level 5, -5/35 (38) HPs)
             Began as a Vampire Assassin on May 9, 2014.
             Killed from afar by an orc wizard (8 damage)
             ... with a puff of flame
             ... on Level 3 of the Dungeon.
             The game lasted 00:08:55 (3201 turns).

PolkaDot the Covert (Vampire Assassin)              Turns: 3201, Time: 00:08:55

HP  -5/35 (38)   AC  3     Str 10      XL: 5   Next: 11%
MP   6/6         EV 12     Int 13      God:
Gold 142         SH  0     Dex 16      Spells:  0 memorised,  4 levels left

rFire  . . .     SeeInvis +     a - +2 dagger
rCold  + + .     Clarity  .     c - +0 robe
rNeg   + + +     Conserve .     (no shield)
rPois  +         rCorr    .     (no helmet)
rElec  .         rRot     +     d - +0 cloak
SustAb + .       Spirit   .     (no gloves)
rMut   .         Warding  .     (no boots)
Saprov . . .     Stasis   .     (no amulet)
MR     .....                    o - ring of flight
                                l - ring of sustain abilities

@: regenerating slowly, not resistant to hostile enchantments, quite stealthy
A: fangs 3, see invisible, (mutation resistance 0), unbreathing
a: Bat Form, Evoke Flight


You were on level 3 of the Dungeon.
You were near bloodless.

You visited 1 branch of the dungeon, and saw 3 of its levels.

You collected 142 gold pieces.

Inventory:

Hand weapons
 a - a +2,+2 dagger (weapon)
 b - a +0 blowgun
Missiles
 e - 8 poisoned needles
 f - 2 curare-tipped needles
Armour
 c - a +0 robe (worn)
 d - a +0 cloak (worn)
Scrolls
 g - a scroll of fog {unknown}
 i - 2 scrolls of noise {unknown}
 j - a scroll of amnesia {unknown}
 k - a scroll of enchant weapon I {unknown}
 m - a scroll of remove curse
 n - a scroll of teleportation {unknown}
 p - a scroll of fear {unknown}
 q - a scroll of enchant armour {unknown}
Jewellery
 h - an uncursed ring of teleport control
 l - a ring of sustain abilities (left hand)
 o - a ring of flight (right hand)
Potions
 r - a potion of brilliance


   Skills:
 - Level 1.7 Fighting
 + Level 3.4 Short Blades
 - Level 1.5 Throwing
 - Level 1.1 Dodging
 * Level 8.3 Stealth
 + Level 1.8 Evocations


You had 4 spell levels left.
You didn't know any spells.

Dungeon Overview and Level Annotations

Branches:
Dungeon (3/15)

Altars:


Innate Abilities, Weirdness & Mutations

You heal slowly.
You have razor-sharp teeth.*
You have supernaturally acute eyesight.
You can survive without breathing.*
((You are somewhat resistant to further mutation.))+


Message History

The orc wizard is severely wounded.
The orc wizard closely misses you.
You closely miss the orc wizard.
The orc wizard is severely wounded.
The orc wizard hits you with a glowing dagger.
* * * LOW HITPOINT WARNING * * *
You hit the orc wizard but do no damage.
The orc wizard is severely wounded.
The orc wizard points at you and mumbles some strange words.
The puff of flame hits you!
* * * LOW HITPOINT WARNING * * *
You hit the orc wizard.
The orc wizard is severely wounded.
The orc wizard hits you with a glowing dagger.
* * * LOW HITPOINT WARNING * * *
You hit the orc wizard but do no damage.
The orc wizard is severely wounded.
The orc wizard points at you and mumbles some strange words.
The puff of flame hits you!
You die...

#######..######..
##.# #.# #.# #.#
####### #.#
#...<.# #.#
#.....#
#o####.....###
#.@............
#.####.....##.
#.# #.....# #.#
#.....#
#.####.....#
#.#........#
#.#........##
#.............
#.........###.


You could see an orc wizard (invisible).

Vanquished Creatures
  8 gnolls
  2 adders
  2 giant geckos
  An ooze (D:2)
  An orc (D:2)
  6 bats
  9 goblins
  8 hobgoblins
  2 jackals (D:1)
  A quokka (D:2)
  A ball python (D:2)
  2 giant cockroaches
  2 giant newts
  7 kobolds
  6 rats
58 creatures vanquished.

Notes
Turn   | Place    | Note
--------------------------------------------------------------
     0 | D:1      | PolkaDot, the Vampire Assassin, began the quest for the Orb.
     0 | D:1      | Reached XP level 1. HP: 16/16 MP: 1/1
    45 | D:1      | Reached skill level 6 in Stealth
   141 | D:1      | Reached XP level 2. HP: 22/22 MP: 2/2
   827 | D:2      | Reached XP level 3. HP: 20/27 MP: 3/3
  1055 | D:2      | Reached skill level 7 in Stealth
  1656 | D:2      | Gained mutation: You are somewhat resistant to further mutation. [potion of beneficial mutation]
  1664 | D:2      | Reached skill level 1 in Evocations
  1673 | D:2      | Reached XP level 4. HP: 18/30 MP: 4/4
  2488 | D:2      | Reached skill level 8 in Stealth
  3004 | D:3      | Reached XP level 5. HP: 35/35 MP: 6/6
  3201 | D:3      | Killed from afar by an orc wizard

Action                   |  1- 3 |  4- 6 || total
-------------------------+-------+-------++-------
Melee: Dagger            |    67 |   112 ||   179
 Abil: End Transformatio |       |     1 ||     1
       Bat Form          |       |     1 ||     1
       Evoke Flight      |       |     1 ||     1
  Use: Potion            |     5 |     1 ||     6
       Scroll            |     2 |       ||     2
 Stab: Sleeping          |    18 |     3 ||    21
